 Dungeon Crawl Stone Soup version 0.29.1-13-g9f3cf754e1 (webtiles) character file.

Game seed: 4360036643333424615

1 croobank the Sneak (level 1, 0/16 HPs)
             Began as an Octopode Delver on Feb 7, 2023.
             Slain by a goblin
             ... wielding a +2 dagger of speed
              (3 damage)
             ... on level 4 of the Dungeon.
             The game lasted 00:00:42 (108 turns).

croobank the Sneak (Octopode Delver)                 Turns: 108, Time: 00:00:43

Health: 0/16       AC:  1    Str: 14    XL:     1   Next: 20%
Magic:  1/1        EV: 13    Int:  8    God:
Gold:   13         SH:  0    Dex: 13    Spells: 0/0 levels left

rFire   . . .      SeeInvis .   i - +10 mace of World Downfall {drain, rElec rPois Str+3 Int-4}
rCold   . . .      Faith    .   (no shield)
rNeg    . . .      Spirit   .   (helmet restricted)
rPois   +          Reflect  .   (no amulet)
rElec   +          Harm     .   (no ring)
rCorr   .          Rampage  .   (no ring)
Will    .....                   (no ring)
Stlth   ++++......              (no ring)
HPRegen 0.05/turn               (no ring)
MPRegen 0.07/turn               (no ring)
                                (no ring)
                                (no ring)

@: no status effects
A: almost no armour, amphibious, 8 rings, camouflage 1, gelatinous body 1,
(nimble swimmer 1), tentacles
a: no special abilities


You were on level 4 of the Dungeon.
You visited 1 branch of the dungeon, and saw 3 of its levels.

You collected 13 gold pieces.

Inventory:

Hand Weapons
 a - a +0 hand axe
 i - the +10 mace of World Downfall (weapon) {drain, rElec rPois Str+3 Int-4}
   (You found it on level 4 of the Dungeon)

   A truly terrible weapon, it drains the life of any living foe it strikes.
   Str:       It affects your strength (+3).
   Int:       It affects your intelligence (-4).
   rElec:     It insulates you from electricity.
   rPois:     It protects you from poison.
Wands
 f - a wand of digging (3)
Scrolls
 b - a scroll of fog
 c - a scroll of magic mapping
 d - a scroll of noise {unknown}
 g - a scroll of immolation {unknown}
Potions
 e - a potion of haste
 h - 2 potions of invisibility {unknown}


   Skills:
 + Level 3.0 Fighting
 + Level 2.0 Axes
 + Level 2.0 Dodging
 + Level 6.6 Stealth


You couldn't memorise any spells.
You didn't know any spells.
Your spell library contained the following spells:

 Spells                   Type           Power      Damage    Failure   Level
 Necrotise                Necr           0%         1d4       41%         1
 Vampiric Draining        Necr           0%         2d6       78%         3
 Agony                    Necr           0%         N/A       100%        5


Dungeon Overview and Level Annotations

Branches:
Dungeon (6/15)
 Temple: D:4-7

Altars:


Innate Abilities, Weirdness & Mutations

You cannot wear most types of armour.
You are amphibious.
You can wear up to eight rings at the same time.
Your skin changes colour to match your surroundings (Stealth+).
Your rubbery body absorbs attacks. (AC +1, EV +1)
((You are camouflaged when in or above water. (Stealth+)))
You have tentacles for arms and can constrict up to eight enemies at once.


Message History

You climb upwards.
The kobold shouts!
The goblin shouts!
You hear a bark!
Found an ancient mace.
Found a stone staircase leading up.
There is a stone staircase leading down here.
You see here the +10 mace of World Downfall {drain, rElec rPois Str+3 Int-4}.
You feel stronger.
You feel stupid.
You sense an unholy aura.
i - the +10 mace of World Downfall (weapon)
{drain, rElec rPois Str+3 Int-4} You hit the kobold.
You grab the kobold.
You squeeze the kobold, but do no damage.
The kobold is moderately wounded.
You constrict the kobold.
You kill the kobold!
You hit the quokka. Your grab misses the quokka.
The quokka is heavily wounded.
The quokka bites you. The quokka completely misses you.
You barely miss the giant cockroach. Your grab misses the giant cockroach.
The quokka bites you but does no damage.
The giant cockroach misses you.
You closely miss the quokka. Your grab misses the quokka.
The quokka is heavily wounded.
The quokka barely misses you. The giant cockroach barely misses you.
A hobgoblin comes into view.
The quokka barely misses you. The giant cockroach closely misses you.
You barely miss the giant cockroach. You grab the giant cockroach.
You constrict the giant cockroach.
A phantom comes into view.
The goblin barely misses you. The quokka barely misses you.
The giant cockroach bites you.
An adder comes into view.
The goblin hits you with a +2 dagger of speed.
You barely miss the goblin.
The adder hisses angrily.
Your grab misses the goblin. You constrict the giant cockroach.
You kill the giant cockroach!
The quokka bites you.
* * * LOW HITPOINT WARNING * * *
The goblin hits you with a +2 dagger of speed.
You die...

... ... #S# #g#
#.# # #.#
#.###.#####...
.###....g>.....#
.W....)@r<...###
.###.......###
##......#
#.....## #.....#
#.....# #.....#
####.##


You could see a phantom, an adder, a quokka, a hobgoblin and a goblin.

Vanquished Creatures
  A giant cockroach (D:4)
  A kobold (D:4)
2 creatures vanquished.

Notes
Turn   | Place    | Note
-------+----------+-------------------------------------------
     0 | D:5      | croobank the Octopode Delver began the quest for the Orb.
     0 | D:5      | Reached XP level 1. HP: 16/16 MP: 1/1
    24 | D:6      | Noticed a kobold brigand
    60 | D:5      | Noticed a scorpion
    62 | D:5      | Noticed an ogre
    85 | D:5      | Noticed an ogre
   101 | D:4      | Identified the +10 mace of World Downfall {drain, rElec
                  | rPois Str+3 Int-4}
   107 | D:4      | Noticed a phantom
   108 | D:4      | Slain by a goblin

Illustrated notes

Levels and vault maps discovered:
D:4:      layout_rooms, skrybe_limestone_x, minmay_shop_grid_forest,
          lexackson_kobold_supper, uniq_pikel
D:5:      layout_cave_pools, nrook_mini_vaults
D:6:      layout_basic, portal_sewer_entry_b, kennysheep_generic_room_6,
          uniq_blork_the_orc, uniq_sigmund, uniq_maggie

Action                   || total
-------------------------++-------
Melee: Mace              ||     6
       Constrict         ||     2
       Tentacles         ||     1
  Use: Scroll            ||     1
Armor: Skin              ||     1
Dodge: Dodged            ||     9
